 Dungeon Crawl Stone Soup version 0.26-a0-1191-ge2a0e31ab3 (webtiles) character file.

Game seed: 3524457262275426590

77276 voltaire321 the Blocker (level 15, -2/135 HPs)
             Began as a Minotaur Fighter on Dec 29, 2020.
             Was the Champion of Okawaru.
             Slain by Saint Roka
             ... wielding a +2 battleaxe
              (29 damage)
             ... on level 2 of the Orcish Mines.
             The game lasted 01:14:49 (23609 turns).

voltaire321 the Blocker (Minotaur Fighter)         Turns: 23609, Time: 01:14:49

Health: -2/135     AC: 31    Str: 23    XL:     15   Next: 14%
Magic:  20/20      EV: 13    Int:  8    God:    Okawaru [******]
Gold:   2315       SH: 13    Dex: 14    Spells: 14/14 levels left

rFire    + . .     SeeInvis .   D - +12 broad axe of Jiecub {venom, rF+ Dex+3}
rCold    + + .     Faith    .   c - +0 kite shield
rNeg     . . .     Spirit   .   z - +6 chain mail {rPois}
rPois    +         Reflect  .   V - +2 hat
rElec    .         Harm     .   y - +2 cloak
rCorr    .         Rampage  .   w - +2 pair of gloves
Will     +....                  o - +2 pair of boots
Stlth    ..........             B - amulet of regeneration
HPRegen  0.72/turn              Q - ring of protection from cold
MPRegen  0.17/turn              m - ring of protection from cold

@: no status effects
A: retaliatory headbutt, horns 2
a: Renounce Religion, Heroism, Finesse


You were on level 2 of the Orcish Mines.
You worshipped Okawaru.
Okawaru was exalted by your worship.
You visited 3 branches of the dungeon, and saw 20 of its levels.
You also visited: Sewer and Gauntlet.

You collected 2333 gold pieces.
You spent 18 gold pieces at shops.

Inventory:

Hand Weapons
 D - the +12 broad axe of Jiecub (weapon) {venom, rF+ Dex+3}
   (You acquired it on level 2 of the Orcish Mines)

   It poisons the flesh of those it strikes.
   It affects your dexterity (+3).
   It protects you from fire.
 F - a +1 war axe of flaming
 Y - the +7 war axe of Uncertain Death {drain, +Inv rElec rN+}
   (You found it on level 5 of the Lair of Beasts)

   A truly terrible weapon, it drains the life of those it strikes.
   It insulates you from electricity.
   It protects you from negative energy.
   It lets you turn invisible.
Missiles
 p - 37 poisoned darts
 q - 22 boomerangs
 L - 10 curare-tipped darts (quivered)
 O - 25 silver javelins
Armour
 c - a +0 kite shield (worn)
 o - a +2 pair of boots (worn)
 u - a +0 hat of see invisible
 w - a +2 pair of gloves (worn)
 y - a +2 cloak (worn)
 z - a +6 chain mail of poison resistance (worn)
 G - +0 acid dragon scales
 V - a +2 hat (worn)
Jewellery
 m - a ring of protection from cold (right hand)
 B - an amulet of regeneration (around neck)
 J - an uncursed ring of fire
 Q - a ring of protection from cold (left hand)
Wands
 a - a wand of iceblast (31)
 s - a wand of flame (14)
 I - a wand of polymorph (25)
 R - a wand of acid (17)
Scrolls
 g - 4 scrolls of magic mapping
 i - 8 scrolls of teleportation
 k - 5 scrolls of blinking
 l - 5 scrolls of remove curse
 n - a scroll of amnesia
 K - 2 scrolls of identify
 T - a scroll of fear
Potions
 b - 2 potions of heal wounds
 d - 8 potions of might
 e - 6 potions of flight
 f - 13 potions of curing
 h - a potion of experience {unknown}
 j - a potion of mutation
 r - a potion of berserk rage
 t - 2 potions of attraction
 x - 2 potions of brilliance
 A - a potion of invisibility {unknown}
 C - 2 potions of lignification
 E - 4 potions of cancellation
 H - 2 potions of ambrosia
 N - 3 potions of haste
 X - a potion of magic
Miscellaneous
 v - a condenser vane
 M - a phantom mirror
 S - a tin of tremorstones (2/2)
 U - a lightning rod (4/4)
 W - a tin of tremorstones (2/2)


   Skills:
 + Level 13.0 Fighting
 + Level 12.7 Axes
 + Level 10.4 Throwing
 + Level 12.9 Armour
 + Level 8.8 Dodging
 + Level 13.0 Shields
 - Level 9.0 Invocations
 + Level 6.8 Evocations


You had 14 spell levels left.
You didn't know any spells.
Your spell library contained the following spells:

 Spells                   Type           Power        Failure   Level
 Beastly Appendage        Tmut           0%           95%         1
 Freeze                   Ice            0%           95%         1
 Wereblood                Tmut           0%           99%         2
 Frozen Ramparts          Ice            0%           100%        3
 Ozocubu's Armour         Ice            0%           100%        3
 Spider Form              Tmut/Pois      0%           100%        3
 Static Discharge         Conj/Air       0%           100%        3
 Cause Fear               Hex            0%           100%        4
 Hailstorm                Conj/Ice       0%           100%        4
 Ice Form                 Ice/Tmut       0%           100%        4
 Summon Ice Beast         Ice/Summ       0%           100%        4
 Blade Hands              Tmut           0%           100%        5
 Lightning Bolt           Conj/Air       0%           100%        5
 Silence                  Hex/Air        0%           100%        5
 Yara's Violent Unravell  Hex/Tmut       0%           100%        5
 Discord                  Hex            0%           100%        8
 Ignition                 Fire           0%           100%        8
 Shatter                  Erth           0%           100%        9
 Tornado                  Air            0%           100%        9


Dungeon Overview and Level Annotations

Branches:
Dungeon (12/15)            Temple (0/1) D:4            Lair (6/6) D:9
  Swamp (0/4) Lair:3        Snake (0/4) Lair:2        Slime (0/5) Lair:6
    Orc (2/2) D:10          Sewer (visited)         Gauntlet (visited)
    Elf: Orc:2

Altars:
Dithmenos
Fedhas
Hepliaklqana
Makhleb
Nemelex Xobeh
Okawaru
Ru
Vehumet
Wu Jian
Xom
Yredelemnul
Zin
The Shining One
Beogh
Jiyva

Shops:
D:5 *   D:6 *

Annotations:
Orc:2 Saint Roka


Innate Abilities, Weirdness & Mutations

You reflexively headbutt those who attack you in melee.
You have a pair of horns on your head.


Message History

Your headbutt misses Saint Roka.
Saint Roka is severely wounded.
You hit Saint Roka but do no damage.
Saint Roka looks as sick as possible!
Saint Roka is almost dead.
Saint Roka hits you but does no damage.
You barely miss Saint Roka. Your headbutt misses Saint Roka.
Saint Roka is almost dead.
Saint Roka mumbles some strange prayers to Beogh against you.
Beogh smites you!
* * * LOW HITPOINT WARNING * * *
You hit Saint Roka but do no damage.
Saint Roka looks as sick as possible!
Saint Roka is almost dead.
Saint Roka invokes the aid of Beogh against you.
Beogh smites you!
* * * LOW HITPOINT WARNING * * *
You hit Saint Roka.
Saint Roka looks as sick as possible!
You headbutt Saint Roka!
Saint Roka is almost dead.
Saint Roka hits you with a +2 battleaxe!!
You die...

########## ######
##.....#..##### ##.##.#
#.............#####......
##...<.........#.###.....
####.......<...)......#.....
##.#...........)[....).......
#............)...............
##.#........@.....[.)........
####.......o......[)).......
###......(.....).[...)...
###....(.#..#.##[#...#...
#####.#.....(..(.........#...
##.#..........#............#..
#........##.......##.......#..
##.#.............#.##.........
###.........#......###.......


You could see Saint Roka (extremely poisoned).

Vanquished Creatures
  A minotaur (Gauntlet)
  Snorg (D:10)
  A fire dragon (Lair:6)
  10 hydras
  Harold (D:10)
  A boulder beetle (Lair:5)
  A death yak (Lair:5)
  2 death scarabs (Gauntlet)
  A two-headed ogre (D:9)
  An orc high priest (Orc:2)
  Nergalle (Lair:2)
  A fire crab (Lair:5)
  An orange crystal statue (Gauntlet)
  3 lindwurms
  2 wolf spiders
  5 orc knights
  A manticore (Lair:5)
  7 orc sorcerers (Orc:2)
  19 elephants
  10 black mambas
  A guardian serpent (Lair:6)
  21 cane toads
  3 minotaur zombies (Gauntlet)
  Maggie (D:8)
  3 rime drakes
  7 torpor snails
  7 komodo dragons
  A polar bear (Lair:4)
  3 trolls (Orc:2)
  8 hornets (Lair:6)
  4 tyrant leeches (Lair:6)
  A raiju (Gauntlet)
  29 blink frogs
  2 spectral black mambas (Gauntlet)
  A dream sheep (Lair:5)
  A vampire (D:12)
  4 redbacks (Lair:6)
  A wraith (D:10)
  29 yaks
  17 wyverns
  6 basilisks
  3 steam dragons
  4 vampire mosquitoes (Lair:3)
  5 nagas (Lair:2)
  26 water moccasins
  29 orc warriors
  3 black bears (Lair:3)
  A sky beast (D:10)
  A phantom (D:9)
  24 wolves
  12 ogres
  3 centaurs
  2 big kobolds
  Blork the orc (Orc:2)
  2 gnoll sergeants
  A wyvern zombie (D:12)
  9 bullfrogs
  A wyvern skeleton (D:8)
  2 water moccasin skeletons (D:8)
  2 scorpions
  10 killer bees
  4 wights (D:9)
  An electric eel (Lair:3)
  4 howler monkeys
  A centaur zombie (D:6)
  Crazy Yiuf (D:6)
  A bullfrog skeleton (D:6)
  4 hounds
  2 jellies (D:7)
  25 orc priests
  A centaur skeleton (D:9)
  31 orc wizards
  5 iguanas
  8 hell rats
  9 worker ants
  A killer bee zombie (D:5)
  2 hound zombies
  A worker ant zombie (D:10)
  11 gnolls
  18 adders
  A river rat (D:5)
  2 shadow imps (D:10)
  4 ufetubi
  2 oozes
  3 worms
  5 dart slugs
  9 leopard geckos
  82 orcs
  4 ball pythons (D:3)
  11 giant cockroaches
  7 goblins
  9 hobgoblins
  15 jackals
  4 quokkas
  7 bats
  7 frilled lizards
  A jackal skeleton (D:7)
  27 kobolds
  A leopard gecko skeleton (D:5)
  A leopard gecko zombie (D:7)
  A quokka skeleton (D:5)
  12 rats
706 creatures vanquished.

Vanquished Creatures (others)
  An orc wizard (Orc:2)
  55 fungi
  79 plants
  7 toadstools (D:1)
  14 withered plants (Gauntlet)
156 creatures vanquished.

Grand Total: 862 creatures vanquished

Notes
Turn   | Place    | Note
-------+----------+-------------------------------------------
     0 | D:1      | voltaire321 the Minotaur Fighter began the quest for the
                  | Orb.
     0 | D:1      | Reached XP level 1. HP: 19/19 MP: 0/0
   136 | D:1      | Reached XP level 2. HP: 22/27 MP: 1/1
   628 | D:1      | Reached XP level 3. HP: 31/33 MP: 2/2
   905 | D:2      | Found a radiant altar of Vehumet.
  1042 | D:2      | Reached XP level 4. HP: 29/40 MP: 3/3
  1242 | D:2      | Found a radiant altar of Vehumet.
  1424 | D:2      | Found a hazy altar of Hepliaklqana.
  2023 | D:3      | Found a sacrificial altar of Ru.
  2133 | D:3      | Reached XP level 5. HP: 47/47 MP: 4/4
  2601 | D:3      | Found an iron altar of Okawaru.
  2607 | D:3      | Became a worshipper of Warmaster Okawaru
  2637 | D:3      | Reached skill level 5 in Armour
  2875 | D:4      | Found a burning altar of Makhleb.
  2952 | D:4      | Reached skill level 5 in Fighting
  2955 | D:4      | Reached skill level 5 in Shields
  3042 | D:4      | Reached XP level 6. HP: 49/56 MP: 5/5
  3237 | D:4      | Found a staircase to the Ecumenical Temple.
  3265 | D:4      | Reached skill level 1 in Throwing
  3635 | D:5      | Entered Level 5 of the Dungeon
  3761 | D:5      | Found a glowing drain.
  3765 | Sewer    | Entered a sewer
  4220 | D:5      | Reached skill level 5 in Axes
  4220 | D:5      | Reached XP level 7. HP: 61/61 MP: 6/6
  4312 | D:5      | Found Cirche's Assorted Antiques.
  4320 | D:5      | Bought a metallic sapphire potion for 18 gold pieces
  4424 | D:5      | Reached * piety under Okawaru
  4443 | D:5      | Found a blossoming altar of Fedhas.
  5302 | D:6      | Reached XP level 8. HP: 67/71 MP: 7/7
  5429 | D:6      | Found a runed translucent door.
  5430 | D:6      | Noticed Crazy Yiuf
  5457 | D:6      | Killed Crazy Yiuf
  5645 | D:6      | Reached ** piety under Okawaru
  5663 | D:6      | Reached skill level 1 in Invocations
  6311 | D:6      | Found Luck's Elemental Accessories.
  6556 | D:7      | Reached skill level 1 in Evocations
  6996 | D:7      | Reached XP level 9. HP: 28/79 MP: 9/9
  7399 | D:8      | Noticed Maggie
  7417 | D:8      | Killed Maggie
  7417 | D:8      | Reached *** piety under Okawaru
  7724 | D:8      | Found a glowing silver altar of Zin.
  7751 | D:8      | Found an ornate altar of the Wu Jian Council.
  7781 | D:8      | Found a basalt altar of Yredelemnul.
  7847 | D:8      | Found a shadowy altar of Dithmenos.
  8277 | D:9      | Reached **** piety under Okawaru
  8288 | D:9      | Reached skill level 5 in Throwing
  8461 | D:9      | Reached XP level 10. HP: 85/88 MP: 11/11
  8533 | D:9      | Found a staircase to the Lair.
  8645 | D:9      | Found a sacrificial altar of Ru.
  8749 | D:9      | Found a glowing golden altar of the Shining One.
  8789 | D:9      | Noticed a two-headed ogre
  8795 | D:9      | Killed a two-headed ogre
  8872 | D:9      | Received a gift from Okawaru
  8924 | D:9      | Reached ***** piety under Okawaru
  9328 | D:10     | Entered Level 10 of the Dungeon
  9350 | D:10     | Noticed Harold
  9382 | D:10     | Killed Harold
  9382 | D:10     | Received a gift from Okawaru
  9401 | D:10     | Reached skill level 5 in Invocations
  9763 | D:10     | Found a shimmering altar of Xom.
  9764 | D:10     | Found a shimmering altar of Xom.
  9764 | D:10     | Found a shimmering altar of Xom.
  9764 | D:10     | Found a shimmering altar of Xom.
  9783 | D:10     | Noticed Snorg
 10103 | Lair:1   | Entered Level 1 of the Lair of Beasts
 10357 | Lair:1   | Noticed a cane toad
 10368 | Lair:1   | Killed a cane toad
 10369 | Lair:1   | Reached XP level 11. HP: 87/97 MP: 13/13
 10441 | Lair:1   | Noticed a four-headed hydra
 10444 | Lair:1   | Found a shimmering altar of Xom.
 10449 | Lair:1   | Killed a one-headed hydra
 11304 | Lair:2   | Reached ****** piety under Okawaru
 11304 | Lair:2   | Received a gift from Okawaru
 11485 | Lair:2   | Reached skill level 1 in Dodging
 11646 | Lair:2   | Reached skill level 5 in Evocations
 11984 | Lair:2   | Noticed Nergalle
 12007 | Lair:2   | Killed Nergalle
 12720 | Lair:2   | Found a staircase to the Snake Pit.
 12763 | Lair:2   | Reached skill level 10 in Fighting
 12975 | Lair:3   | Noticed an eight-headed hydra
 12989 | Lair:3   | Killed a two-headed hydra
 12990 | Lair:3   | Reached skill level 10 in Armour
 12990 | Lair:3   | Reached skill level 10 in Shields
 13310 | Lair:3   | Received a gift from Okawaru
 13357 | Lair:3   | Found a staircase to the Swamp.
 13628 | Lair:3   | Noticed an eight-headed hydra
 14303 | Lair:3   | Reached XP level 12. HP: 98/106 MP: 15/15
 14461 | Lair:3   | Noticed a five-headed hydra
 14462 | Lair:3   | Noticed an eight-headed hydra
 14487 | Lair:3   | Killed a one-headed hydra
 14494 | Lair:3   | Killed a four-headed hydra
 14494 | Lair:3   | Received a gift from Okawaru
 14983 | Lair:3   | Reached skill level 10 in Axes
 15479 | Lair:3   | Noticed a six-headed hydra
 15485 | Lair:3   | Killed a one-headed hydra
 16259 | Lair:4   | Received a gift from Okawaru
 16260 | Lair:4   | Reached skill level 5 in Dodging
 16343 | Lair:4   | Received a gift from Okawaru
 16350 | Lair:4   | Noticed a five-headed hydra
 16547 | Lair:4   | Killed a two-headed hydra
 16871 | Lair:5   | Reached XP level 13. HP: 111/116 MP: 17/17
 17382 | Lair:5   | Received a gift from Okawaru
 18225 | Lair:5   | Got a scorched war axe
 18226 | Lair:5   | Identified the +7 war axe of Uncertain Death {drain, +Inv
                  | rElec rN+} (You found it on level 5 of the Lair of Beasts)
 18475 | Lair:6   | Entered Level 6 of the Lair of Beasts
 18652 | Lair:6   | Received a gift from Okawaru
 18774 | Lair:6   | Reached XP level 14. HP: 126/126 MP: 19/19
 18937 | Lair:6   | Found a staircase to the Slime Pits.
 18937 | Lair:6   | Found a viscous altar of Jiyva.
 19293 | Lair:6   | Received a gift from Okawaru
 19390 | Lair:6   | Found a runed translucent door.
 19413 | Lair:6   | Received a gift from Okawaru
 19626 | Lair:6   | Received a gift from Okawaru
 19701 | Lair:6   | Paralysed by a hornet for 1 turns
 20389 | D:10     | Killed Snorg
 20390 | D:10     | Reached skill level 10 in Throwing
 20525 | D:10     | Received a gift from Okawaru
 20580 | D:10     | Found a staircase to the Orcish Mines.
 20613 | D:10     | You fall into a shaft and drop 2 floors!
 20627 | D:12     | Found a sparkling altar of Nemelex Xobeh.
 20801 | D:11     | Found a gate leading to a gauntlet.
 20816 | Gauntlet | Entered a Gauntlet
 20816 | Gauntlet | Found a transporter.
 20816 | Gauntlet | Found a transporter.
 20820 | Gauntlet | Found a transporter.
 20820 | Gauntlet | Found a transporter.
 20829 | Gauntlet | Found a transporter.
 20844 | Gauntlet | Found a transporter.
 20860 | Gauntlet | Found a transporter.
 20873 | Gauntlet | Found a transporter.
 20892 | Gauntlet | Found a transporter.
 20978 | Gauntlet | Found a transporter.
 20980 | Gauntlet | Found a transporter.
 20987 | Gauntlet | Found a transporter.
 21040 | Gauntlet | Found a transporter.
 21078 | Gauntlet | Found a transporter.
 21092 | Gauntlet | Found a transporter.
 21105 | Gauntlet | Found a transporter.
 21236 | Gauntlet | Got a coiled marble ring
 21237 | Gauntlet | Identified the ring of Ikhlogown {*Tele rPois rC+ Str+2
                  | Int+4} (You found it in a Gauntlet)
 21784 | Orc:1    | Entered Level 1 of the Orcish Mines
 22248 | Orc:2    | Entered Level 2 of the Orcish Mines
 22345 | Orc:2    | Paralysed by an orc sorcerer for 5 turns
 22740 | Orc:2    | Found a roughly hewn altar of Beogh.
 22798 | Orc:2    | Reached XP level 15. HP: 129/132 MP: 20/20
 22816 | Orc:2    | Noticed Saint Roka
 23063 | Orc:2    | Noticed Blork the orc
 23250 | Orc:2    | Identified a scroll of acquirement
 23250 | Orc:2    | Acquired the +12 broad axe of Jiecub {venom, rF+ Dex+3}
 23277 | Orc:2    | Found a roughly hewn altar of Beogh.
 23455 | Orc:2    | Killed Blork the orc
 23609 | Orc:2    | Slain by Saint Roka

Illustrated notes

Levels and vault maps discovered:
D:1:      nagdon_arrival_double_spiral, layout_loops_ring
D:2:      layout_basic, marbit_many_paths, vehumet_crystals, minmay_door_square,
          minmay_hexomino_r4
D:3:      layout_rooms, overflow_temple_1_default, okawaru_ov_weapons_minmay,
          minmay_shallow_snake_nest
D:4:      layout_basic, minmay_temple_entry_butterflies, bloody_makhleb
D:5:      layout_loops_ring, fedhas_altar_1, serial_shops, nicolae_shop_crystal,
          gup_sewer_entry_bowl
D:6:      layout_gridville, nicolae_elemental_shop, uniq_crazy_yiuf_cottage
D:7:      layout_rooms, chequers_arboretum, skrybe_limestone_x
D:8:      layout_gridville, lemuel_doored_altar, lemuel_crystal_altar,
          lemuel_crystal_altar, zin_treasury, chequers_serial_rivers_micro_e,
          uniq_maggie
D:9:      layout_loops_ring, tso_oasis_becter, minmay_lair_entry_grove,
          nicolae_ru_great_annihilating_truth
D:10:     layout_rooms, orc_0_dummy, xom_redecorated, uniq_snorg, uniq_harold
D:11:     layout_basic, gauntlet_entry_generic, minmay_misc_feat_nine_boxes,
          kennysheep_potato, uniq_sonja
D:12:     layout_stronghold, basic_altar, trog_ov_bears_minmay
Lair:1:   layout_regular_city, lemuel_altar_in_water2
Lair:2:   layout_regular_city, minmay_snake_entry_guardpost_large,
          beast_lair_carwin_1, uniq_nergalle
Lair:3:   layout_regular_city, minmay_swamp_entry_swarm, beast_lair_carwin_5,
          grunt_megastairs_2
Lair:4:   layout_roguey, chequers_serial_rivers_small_3, fungi_pond_lemuel,
          lemuel_fruit_fields
Lair:5:   nzn_winding_woodlands_large [nzn_winding_woodlands_5x5_checkerboard,
          nzn_winding_woodlands_5x15_twine,
          nzn_winding_woodlands_5x5_closed_star,
          nzn_winding_woodlands_center_triple_pond,
          nzn_winding_woodlands_15x15_boxy_spiral,
          nzn_winding_woodlands_center_pierced_h,
          nzn_winding_woodlands_hourglass,
          nzn_winding_woodlands_5x15_concentric,
          nzn_winding_woodlands_5x5_cross], layout_regular_city,
          chequers_serial_rivers_micro_c
Lair:6:   wormcave, layout_gridlike, hangedman_lair_tendril_chambers,
          slime_altar_1
Orc:1:    layout_caves, nicolae_orc_sculptors_studio
Orc:2:    grunt_orc_cross, layout_caves, basic_altar

Skill      XL: |  1  2  3  4  5  6  7  8  9 10 11 12 13 14 15 |
---------------+----------------------------------------------+-----
Axes           | 3 4 5 6 7 8 9 10 11 12 | 12.7
Fighting       | 4 5 6 7 8 9 10 11 12 13 | 13.0
Armour         | 4 5 6 7 8 9 10 11 12 | 12.9
Shields        | 4 5 6 7 8 9 10 11 12 13 | 13.0
Throwing       | 1 2 3 5 6 7 8 9 10 | 10.4
Invocations    | 2 3 5 6 7 8 9 |  9.0
Evocations     | 1 3 4 5 6 |  6.8
Dodging        | 3 5 7 8 |  8.8

Action                   |  1- 3 |  4- 6 |  7- 9 | 10-12 | 13-15 || total
-------------------------+-------+-------+-------+-------+-------++-------
Melee: War axe           |    78 |   241 |   373 |   651 |   861 ||  2204
       Headbutt          |     8 |    29 |    64 |   124 |   200 ||   425
       Broad axe         |       |       |       |       |    62 ||    62
Throw: Dart              |       |       |     4 |       |    11 ||    15
Evoke: Wand              |       |       |       |     1 |       ||     1
  Use: Scroll            |       |     8 |     5 |     8 |    22 ||    43
       Potion            |       |       |     2 |     1 |     4 ||     7
Armor: Scale mail        |    36 |    92 |       |       |       ||   128
       Plate armour      |       |    48 |    86 |       |       ||   134
       Chain mail        |       |       |   130 |   518 |   536 ||  1184
Dodge: Dodged            |    17 |    91 |    79 |   298 |   418 ||   903
Block: Kite shield       |    40 |   155 |   195 |   506 |   657 ||  1553

Table legend: (Time is in decaauts)
 A = Elapsed time spent in this place.
 B = Non-inter-level travel time spent in this place.
 C = Inter-level travel time spent in this place.
 D = Time resting spent in this place.
 E = Time spent auto-exploring this place.
 F = Levels seen in this place.
 G = Mean time per level.
                   A        B        C        D        E       F      G
               +--------+--------+--------+--------+--------+-----+--------+
         Total |  23909 |  23247 |    662 |   6147 |  10407 |  22 | 1086.8 |
       Dungeon |  10761 |  10506 |    255 |   2553 |   5057 |  12 |  896.8 |
          Lair |  10199 |   9793 |    406 |   2885 |   4627 |   6 | 1699.8 |
  Orcish Mines |   1713 |   1713 |      0 |    477 |    615 |   2 |  856.5 |
         Sewer |    419 |    419 |      0 |      5 |    107 |   1 |  419.0 |
      Gauntlet |    816 |    816 |      0 |    226 |      0 |   1 |  816.0 |
               +--------+--------+--------+--------+--------+-----+--------+

Top non-repeatable levels by time:
  Lair:2: 2601 daAuts
  Lair:3: 1799 daAuts
  Lair:6: 1702 daAuts
  Lair:5: 1675 daAuts
     D:6: 1502 daAuts
     D:9: 1370 daAuts
  Lair:4: 1211 daAuts
  Lair:1: 1209 daAuts
     D:2: 1142 daAuts
    D:10: 1124 daAuts
     D:8: 988 daAuts
     D:5: 938 daAuts
     D:1: 935 daAuts
   Orc:2: 899 daAuts
     D:3: 889 daAuts
